[Event "1st 4NCL International U2050"]
[Site "Telford"]
[Date "2018.11.04"]
[Round "8"]
[White "Parry, Jacques"]
[Black "Potter, Steven"]
[Result "1-0"]
[ECO "B00"]
[WhiteElo "1625"]
[BlackElo "1770"]
[Annotator "NA"]
[PlyCount "106"]
[EventDate "2018.10.31"]
[EventType "swiss"]
[EventCountry "GBR"]
[SourceTitle "playchess.com"]
[Source "ChessBase"]
[SourceQuality "1"]
[TimeControl "5400+30"]

1. e4 e6 2. d4 b6 3. Nf3 Bb7 4. Bd3 c5 5. c3 Nf6 6. Qe2 Be7 7. O-O Nc6 8. a3 Na5 9. Nbd2 c4 10. Bc2 Qc7 11. Re1 O-O 12. Nf1 b5 13. Ng3 a6 14. e5 Ne8 15. Be4 Bxe4 16. Nxe4 Nb3 17. Rb1 Nxc1 18. Rbxc1 Qd8 19. Rcd1 d5 20. Ng3 a5 21. Nd2 b4 22. axb4 axb4 23. f4 bxc3 24. bxc3 Ra2 25. Ra1 Qa5 26. Nxc4 Rxe2 27. Nxa5 Rxe1+ 28. Rxe1 Bh4 29. Re3 Bxg3 30. Rxg3 Nc7 31. c4 dxc4 32. Nxc4 f5 33. Rd3 Ra8 34. g3 h6 35. Ne3 Ra5 36. d5 exd5 37. Nxf5 Kf7 38. Nd4 g6 39. g4 Ra4 40. f5 h5 41. fxg6+ Kxg6 42. gxh5+ Kxh5 43. e6 Kg6 44. Rg3+ Kf6 45. Rf3+ Ke5 46. Ne2 Nxe6 47. Kf2 d4 48. Nxd4 Nxd4 49. Rf7 Nf5 50. Rh7 Ke4 51. h4 Ra2+ 52. Kg1 Kf3 53. Rc7 Rg2+ 1-0

[Event "1st 4NCL International U2050"]
[Site "Telford"]
[Date "2018.11.04"]
[Round "8"]
[White "Aubury, Benjamin"]
[Black "Truman, Richard G"]
[Result "1/2-1/2"]
[ECO "E00"]
[WhiteElo "1566"]
[BlackElo "1902"]
[Annotator "NA"]
[PlyCount "31"]
[EventDate "2018.10.31"]
[EventType "swiss"]
[EventCountry "GBR"]
[SourceTitle "playchess.com"]
[Source "ChessBase"]
[SourceQuality "1"]
[TimeControl "5400+30"]

1. d4 Nf6 2. c4 e6 3. g3 Bb4+ 4. Nd2 Nc6 5. a3 Be7 6. Ngf3 d5 7. Bg2 O-O 8. O-O b6 9. Qa4 Qd7 10. cxd5 exd5 11. Qc2 Bb7 12. b4 Rae8 13. Nb3 Bd6 14. Bf4 Ne4 15. Bxd6 Nxd6 16. e3 1/2-1/2

[Event "1st 4NCL International U2050"]
[Site "Telford"]
[Date "2018.11.04"]
[Round "9"]
[White "Truman, Richard G"]
[Black "Bryant, Richard B E"]
[Result "0-1"]
[ECO "C06"]
[WhiteElo "1902"]
[BlackElo "1854"]
[Annotator "NA RC"]
[PlyCount "48"]
[EventDate "2018.10.31"]
[EventType "swiss"]
[EventCountry "GBR"]
[SourceTitle "playchess.com"]
[Source "ChessBase"]
[SourceQuality "1"]
[TimeControl "5400+30"]

1. d4 e6 2. e4 d5 3. Nd2 Nf6 4. e5 Nfd7 5. Bd3 c5 6. c3 Nc6 7. Ne2 cxd4 8. cxd4 f6 9. exf6 Nxf6 10. Nf3 Bd6 11. Bf4 Bb4+ {[%emt 0:01:01] LiveBook: 3 Games C06: French Tarrasch: 3...Nf6 4 e5 Nfd7 5 Bd3 main lines} (11... Qa5+ 12. Qd2 Qxd2+ 13. Kxd2 Bxf4+ 14. Nxf4 O-O 15. Ne2 Ng4 16. Rhf1 e5 17. dxe5 Ngxe5 18. Nxe5 Nxe5 19. Rac1 Bd7 {½-½ (45) Bocharov,I (2565)-Volkov,S (2547) Cheliabinsk 2018}) 12. Nc3 O-O 13. Qc2 Bd7 $146 ({Predecessor:} 13... h6 14. O-O Nh5 15. Bg3 Nf4 16. Rad1 Bd6 17. a3 Qf6 18. Bxf4 Bxf4 19. Ne2 {½-½ (42) Ochsner,T-Rasmussen,K Haderslev 1981}) 14. O-O a6 ({Better is} 14... Nh5 $11 15. Be3 (15. Bxh7+ Kh8 $14) 15... Nf6) 15. a3 Be7 16. Rfe1 Rc8 17. Qd2 Na5 18. Rad1 Qb6 19. Bb1 $2 (19. Ne5 $16 {und es läuft.} Bd6 20. Nxd7 Nxd7 21. Nxd5 exd5 22. Bxd6 Qxd6 23. Qxa5) 19... Nc4 $1 20. Qc2 Qxb2 21. Qxb2 Nxb2 22. Rc1 Bxa3 23. Ne5 Bb4 24. Re3 Na4 $19 0-1

[Event "1st 4NCL International U2050"]
[Site "Telford"]
[Date "2018.11.04"]
[Round "9"]
[White "Ansari, Athar"]
[Black "Gostelow, David W"]
[Result "1-0"]
[ECO "C00"]
[WhiteElo "1898"]
[BlackElo "1892"]
[Annotator "NA RC"]
[PlyCount "47"]
[EventDate "2018.10.31"]
[EventType "swiss"]
[EventCountry "GBR"]
[SourceTitle "playchess.com"]
[Source "ChessBase"]
[SourceQuality "1"]
[TimeControl "5400+30"]

1. e4 c5 2. c3 d5 3. e5 Nc6 4. f4 e6 5. Nf3 Nge7 {[%emt 0:08:46] LiveBook: 37 Games} 6. Be2 Nf5 {[%emt 0:02:36] C00: French: Unusual White 2nd moves} 7. O-O Be7 (7... h5 8. Na3 c4 9. g3 b5 10. Nc2 d4 11. d3 Bc5 12. Kg2 cxd3 13. Qxd3 dxc3 14. Qxd8+ Kxd8 15. bxc3 {1-0 (35) Beikert,G (2449)-Machelett,H (2430) Germany 2007}) 8. Na3 c4 $146 ({Predecessor:} 8... Bd7 9. g3 f6 10. g4 Nh6 11. exf6 gxf6 {0-1 (35) Kubasky,A (2315)-Haraldsson,H (2348) ICCF email 2003}) 9. Nc2 O-O 10. d3 cxd3 11. Bxd3 Bc5+ 12. Kh1 Nfe7 $2 (12... g6 $16 {is a better defense.}) 13. b4 Bb6 14. Bxh7+ Kh8 15. Bd3 g6 16. Qe1 Kg7 {[%emt 0:05:49] [#]} 17. f5 $1 Nxf5 18. Bg5 f6 19. exf6+ Kf7 20. b5 Bc7 21. bxc6 Qd6 22. Bxf5 $18 gxf5 23. Qh4 bxc6 24. Qh5+ 1-0

[Event "1st 4NCL International U2050"]
[Site "Telford"]
[Date "2018.11.04"]
[Round "9"]
[White "Fallowfield, Nicholas"]
[Black "Wynarczyk, Raymond"]
[Result "1/2-1/2"]
[ECO "E08"]
[WhiteElo "1883"]
[BlackElo "1908"]
[Annotator "NA"]
[PlyCount "32"]
[EventDate "2018.10.31"]
[EventType "swiss"]
[EventCountry "GBR"]
[SourceTitle "playchess.com"]
[Source "ChessBase"]
[SourceQuality "1"]
[TimeControl "5400+30"]

1. Nf3 d5 2. c4 e6 3. g3 Nf6 4. Bg2 a6 5. O-O Be7 6. d4 O-O 7. Qc2 {[%emt 0:01:19] LiveBook: 16 Games} Nbd7 8. cxd5 {[%emt 0:05:33] E08: Katalanisch} exd5 9. Nc3 c6 10. Bg5 Re8 11. e3 h6 12. Bxf6 Bxf6 $146 ({Vorgänger:} 12... Nxf6 13. Ne5 Ng4 14. Nd3 {0-1 (23) Kristiansen,J (2415)-Vaganian,R (2595) Esbjerg 1988}) 13. b4 Nb6 14. a4 Bg4 15. a5 Bxf3 16. Bxf3 $11 Nc4 1/2-1/2

[Event "1st 4NCL International U2050"]
[Site "Telford"]
[Date "2018.11.04"]
[Round "9"]
[White "Zdanowski, Adrian"]
[Black "Somton, Anita"]
[Result "1/2-1/2"]
[ECO "E07"]
[WhiteElo "1845"]
[BlackElo "1795"]
[Annotator "NA"]
[PlyCount "34"]
[EventDate "2018.10.31"]
[EventType "swiss"]
[EventCountry "GBR"]
[SourceTitle "playchess.com"]
[Source "ChessBase"]
[SourceQuality "1"]
[TimeControl "5400+30"]

1. Nf3 d5 2. c4 e6 3. d4 Nf6 4. Nc3 Be7 5. cxd5 exd5 6. g3 Nbd7 7. Bg2 O-O 8. O-O c6 9. Bg5 {[%emt 0:03:22] LiveBook: 6 Games} Re8 10. Rc1 Nf8 11. e3 h6 12. Bxf6 Bxf6 13. Qd2 Bf5 14. b4 a6 15. Ne1 $15 Ng6 16. Nd3 Qe7 17. a3 a5 1/2-1/2

[Event "1st 4NCL International U2050"]
[Site "Telford"]
[Date "2018.11.04"]
[Round "9"]
[White "Towers, Nigel S"]
[Black "Neatherway, A Philip"]
[Result "1/2-1/2"]
[ECO "C06"]
[WhiteElo "1843"]
[BlackElo "1813"]
[Annotator "NA"]
[PlyCount "42"]
[EventDate "2018.10.31"]
[EventType "swiss"]
[EventCountry "GBR"]
[SourceTitle "playchess.com"]
[Source "ChessBase"]
[SourceQuality "1"]
[TimeControl "5400+30"]

1. e4 e6 2. d4 d5 3. Nd2 Nf6 4. e5 Nfd7 5. Bd3 c5 6. c3 Nc6 7. Ngf3 cxd4 8. cxd4 f6 9. exf6 Nxf6 {[%emt 0:00:05] LiveBook: 57 Games} 10. O-O Bd6 11. Re1 O-O 12. Nf1 {[%emt 0:02:07] C06: French Tarrasch: 3...Nf6 4 e5 Nfd7 5 Bd3 main lines} Bd7 (12... Qb6 13. Rb1 Nb4 14. a3 Nxd3 15. Qxd3 Bd7 16. Ng3 Bb5 17. Qd1 Rae8 18. Ne5 Bxe5 19. Rxe5 Nd7 20. Rg5 e5 21. Be3 h6 22. Rh5 Qg6 23. Rc1 Bc6 {1-0 (23) Carlsen,M (2802)-Ponomariov,R (2744) Moscow 2010}) 13. Bg5 Rc8 14. Rc1 $146 ({Predecessor:} 14. Ne5 Nb4 15. Bb1 Qc7 16. Bxf6 Rxf6 17. Qh5 h6 18. Ng4 Be7 19. Nxf6+ Bxf6 20. Bg6 Qb6 21. Ne3 Bxd4 22. Bf7+ Kf8 23. Ng4 Nc2 24. Bg6 Nxa1 25. Rxa1 Qxb2 {0-1 (25) Nguyen,H (1577)-Seifert,R (2010) Leutersdorf 2004}) 14... h6 15. Bh4 (15. Bd2 $11) 15... Qe8 (15... Qb6 $1 $11) 16. Bg3 Bxg3 17. Nxg3 Ne7 18. Qe2 Nh5 (18... Rxc1 $14 19. Rxc1 Nc6) 19. Nxh5 Qxh5 20. Ne5 Qxe2 21. Bxe2 Rxc1 $14 1/2-1/2

[Event "1st 4NCL International U2050"]
[Site "Telford"]
[Date "2018.11.04"]
[Round "9"]
[White "Gogia, Armaan"]
[Black "Murphy, Ross"]
[Result "1-0"]
[ECO "D01"]
[WhiteElo "1808"]
[BlackElo "1652"]
[Annotator "NA RC"]
[PlyCount "45"]
[EventDate "2018.10.31"]
[EventType "swiss"]
[EventCountry "GBR"]
[SourceTitle "playchess.com"]
[Source "ChessBase"]
[SourceQuality "1"]
[TimeControl "5400+30"]

1. Nc3 Nf6 2. d4 d5 3. Bg5 Ne4 4. Nxe4 dxe4 5. e3 c5 {[%emt 0:00:52] D01: Veresov Opening} 6. c3 Qb6 7. Qc2 e6 $146 ({Predecessor:} 7... cxd4 8. exd4 Bf5 9. Ne2 h6 10. Be3 g5 11. Ng3 Bg6 12. h4 gxh4 13. Rxh4 {1-0 (45) Jimenez Martin,G (2136)-Carrascoso Morales,A (2288) Mislata 2013}) 8. Bf4 Bd7 9. f3 exf3 10. Nxf3 Nc6 11. Bd3 cxd4 12. exd4 Rc8 13. Qe2 Be7 14. O-O O-O 15. Kh1 Bf6 16. Ng5 g6 {[%emt 0:03:56] [#]} 17. Nxh7 $1 Kxh7 $2 {[%emt 0:00:19] [#]} (17... Bg7) 18. Qh5+ $1 Kg8 {[%emt 0:03:15] [#]} 19. Bxg6 $1 fxg6 20. Qxg6+ Kh8 21. Rf3 Bg7 22. Rg3 Rf7 23. Qxf7 1-0

[Event "1st 4NCL International U2050"]
[Site "Telford"]
[Date "2018.11.04"]
[Round "9"]
[White "Ward, Andrew"]
[Black "Benson, Paul J"]
[Result "1/2-1/2"]
[ECO "A80"]
[WhiteElo "1790"]
[BlackElo "1912"]
[Annotator "NA"]
[PlyCount "108"]
[EventDate "2018.10.31"]
[EventType "swiss"]
[EventCountry "GBR"]
[SourceTitle "playchess.com"]
[Source "ChessBase"]
[SourceQuality "1"]
[TimeControl "5400+30"]

1. d4 f5 2. Bg5 c6 3. Nc3 Qb6 4. Rb1 d6 5. e3 Be6 6. Bd3 Nd7 7. Nge2 g6 8. O-O Bg7 9. b4 Ngf6 10. Na4 Qc7 11. c4 O-O 12. Nac3 Bf7 13. a4 e5 14. f3 Rfe8 15. c5 Nd5 ({Better is} 15... exd4 $15 16. exd4 dxc5 17. bxc5 b6) 16. Nxd5 Bxd5 17. e4 Be6 18. exf5 Bxf5 (18... gxf5 $16 {was called for.} 19. Ng3 exd4) 19. Bxf5 gxf5 20. Ng3 (20. dxe5 $18 Nxe5 21. cxd6) 20... f4 21. Nf5 d5 22. Nd6 Re6 23. Nf5 Rf8 24. Nxg7 Kxg7 25. b5 exd4 26. Qxd4+ Qe5 27. Qxe5+ Rxe5 28. bxc6 Nxc5 $2 (28... bxc6 $11 29. Bh4 (29. Rb7 Rxg5 30. Rxd7+ Rf7 $11) 29... Rf7) 29. cxb7 Rxg5 30. b8=Q Rxb8 31. Rxb8 Nxa4 32. Rb7+ Kg6 33. Rxa7 Nc3 34. Kf2 d4 35. Rd7 Nb5 36. Rd1 Rc5 37. Rd2 h5 38. g3 fxg3+ 39. hxg3 Kh6 40. Ra2 Kg6 41. Ra6+ Kg5 42. Rg7+ Kf5 43. Rag6 Rc2+ {[%emt 0:01:27] [#]} 44. Ke1 $2 (44. Kf1 $1 $18) 44... d3 $1 45. Rg5+ Kf6 46. Rxb5 Kxg7 47. Rxh5 Rg2 48. Rd5 Rxg3 49. Rxd3 Rg2 50. Rd2 Rxd2 51. Kxd2 Kf6 52. Kd3 Kf5 53. Ke3 Ke5 54. f4+ Kf5 $11 1/2-1/2

[Event "1st 4NCL International U2050"]
[Site "Telford"]
[Date "2018.11.04"]
[Round "9"]
[White "Potter, Steven"]
[Black "Whitehead, Mark A"]
[Result "1/2-1/2"]
[ECO "A45"]
[WhiteElo "1771"]
[BlackElo "1945"]
[Annotator "NA"]
[PlyCount "20"]
[EventDate "2018.10.31"]
[EventType "swiss"]
[EventCountry "GBR"]
[SourceTitle "playchess.com"]
[Source "ChessBase"]
[SourceQuality "1"]
[TimeControl "5400+30"]

1. d4 Nf6 2. Bg5 e6 3. e3 Be7 4. Bd3 c5 5. c3 d6 6. Bxf6 Bxf6 7. Nd2 Nd7 8. Ngf3 a6 9. O-O b5 10. Ne4 $11 Be7 1/2-1/2

[Event "1st 4NCL International U2050"]
[Site "Telford"]
[Date "2018.11.04"]
[Round "9"]
[White "Gorgun, Aliriza Atif"]
[Black "De Coverly, Roger D"]
[Result "1/2-1/2"]
[ECO "C68"]
[WhiteElo "1739"]
[BlackElo "1946"]
[Annotator "NA RC"]
[PlyCount "76"]
[EventDate "2018.10.31"]
[EventType "swiss"]
[EventCountry "GBR"]
[SourceTitle "playchess.com"]
[Source "ChessBase"]
[SourceQuality "1"]
[TimeControl "5400+30"]

1. e4 e5 2. Nf3 Nc6 3. Bb5 a6 4. Bxc6 dxc6 5. d4 exd4 6. Qxd4 Qxd4 7. Nxd4 Bd7 8. O-O O-O-O 9. Bg5 {[%emt 0:04:16] LiveBook: 3 Partien C68: Ruy Lopez: Exchange Variation, sidelines} Re8 (9... f6 10. Be3 Ne7 11. Nc3 Ng6 12. a3 Re8 13. Rfe1 c5 14. Nf5 Ne5 15. Bf4 g6 16. Ne3 Bd6 {0-1 (44) Ivanov,A (2400)-Romanov,E (2619) Sochi 2016}) 10. Nc3 g6 11. Rfe1 Bg7 12. Rad1 h6 $146 ({Predecessor:} 12... Ne7 13. e5 Nd5 14. Nxd5 cxd5 15. f4 Bg4 16. Rd3 f6 17. exf6 Rxe1+ 18. Kf2 Rhe8 19. fxg7 h5 20. g8=Q {1-0 (20) Szymaniak,H (1992)-Ofstad,P (2175) Bad Wildbad 1997}) 13. Be3 c5 14. Nb3 b6 15. f3 Ne7 16. f4 Nc6 17. Bf2 Bg4 18. Rd2 Rd8 19. h3 Rxd2 (19... Be6 $142 20. Rde2 Bc4) 20. Nxd2 Be6 21. e5 (21. a3 $15) 21... Nd4 (21... g5 $17 22. Ne2 Bxa2) 22. Bxd4 cxd4 23. Nce4 Rd8 ({Lieber nicht} 23... Bxa2 24. b3 $16) 24. g4 Bf8 25. Rf1 Bd5 26. Nf6 {[%emt 0:02:55] [#]} Be7 (26... d3 $1 $17 27. c3 Bc5+ 28. Kh2 g5 29. fxg5 hxg5 30. Nxd5 Rxd5) 27. Nxd5 Rxd5 28. Ne4 c5 29. c4 dxc3 30. Nxc3 Rd3 31. Kg2 b5 32. Rd1 Rxd1 33. Nxd1 Kd7 34. Kf3 Kc6 35. Ke4 c4 $2 36. Kd4 (36. Nc3 $14) 36... Bc5+ 37. Ke4 {[%emt 0:00:09] [#]} Be7 (37... b4 $1 $17) 38. Kd4 $11 Bc5+ 1/2-1/2

[Event "1st 4NCL International U2050"]
[Site "Telford"]
[Date "2018.11.04"]
[Round "9"]
[White "Di-Vetta, Andrew"]
[Black "Burgoyne, Peter A"]
[Result "1/2-1/2"]
[ECO "A45"]
[WhiteElo "1681"]
[BlackElo "1665"]
[Annotator "NA RC"]
[PlyCount "76"]
[EventDate "2018.10.31"]
[EventType "swiss"]
[EventCountry "GBR"]
[SourceTitle "playchess.com"]
[Source "ChessBase"]
[SourceQuality "1"]
[TimeControl "5400+30"]

1. d4 Nf6 2. Bf4 c5 3. e3 Qa5+ 4. Qd2 Qxd2+ 5. Nxd2 cxd4 6. exd4 g6 7. Ngf3 Bg7 8. Bd3 O-O 9. c3 Nc6 10. O-O d6 11. h3 Bd7 12. Rfe1 Rfe8 13. Bh2 Nd5 14. Bc4 Nb6 15. Bb3 Na5 16. Bc2 Nac4 17. Nxc4 Nxc4 18. b3 Nb6 19. Rad1 Bc6 20. c4 Bxf3 21. gxf3 e5 22. d5 Nd7 23. f4 exf4 24. Bxf4 Ne5 25. Kg2 b6 26. Bc1 Nd7 27. Bd2 Kf8 28. f4 f5 29. Kf3 Rxe1 30. Rxe1 Re8 31. Rxe8+ Kxe8 32. b4 Bd4 33. Ba4 Ke7 34. Be1 Nf6 35. Bh4 Kf7 36. Bc6 Ne4 37. Be1 h6 38. Bd7 Ke7 1/2-1/2

[Event "1st 4NCL International U2050"]
[Site "Telford"]
[Date "2018.11.04"]
[Round "9"]
[White "Stubbs, Oliver"]
[Black "Hughes, Peter"]
[Result "1/2-1/2"]
[ECO "A80"]
[WhiteElo "1672"]
[BlackElo "1874"]
[Annotator "NA RC"]
[PlyCount "29"]
[EventDate "2018.10.31"]
[EventType "swiss"]
[EventCountry "GBR"]
[SourceTitle "playchess.com"]
[Source "ChessBase"]
[SourceQuality "1"]
[TimeControl "5400+30"]

1. d4 f5 2. Nf3 Nf6 3. Bf4 g6 4. e3 Bg7 5. Nbd2 O-O 6. Bd3 d6 7. h4 Nc6 8. Bc4+ e6 9. Bg5 Qe8 10. Bxf6 Bxf6 11. c3 Qe7 12. Qe2 d5 13. Bd3 Bd7 14. g3 a6 $11 15. h5 1/2-1/2

[Event "1st 4NCL International U2050"]
[Site "Telford"]
[Date "2018.11.04"]
[Round "9"]
[White "Chen, Daniel Xingyu"]
[Black "Aubury, Benjamin"]
[Result "1/2-1/2"]
[ECO "B10"]
[WhiteElo "1258"]
[BlackElo "1566"]
[Annotator "NA RC"]
[PlyCount "89"]
[EventDate "2018.10.31"]
[EventType "swiss"]
[EventCountry "GBR"]
[SourceTitle "playchess.com"]
[Source "ChessBase"]
[SourceQuality "1"]
[TimeControl "5400+30"]

1. e4 c6 2. d3 d5 3. Nd2 g6 4. Ngf3 Bg7 5. g3 e5 6. Bg2 Ne7 7. O-O O-O 8. b3 f5 9. Bb2 Qc7 10. Re1 Nd7 11. a4 f4 12. Ba3 Re8 13. Ng5 Nf6 14. Ngf3 Nd7 15. Ng5 Nf6 16. Ngf3 fxg3 17. fxg3 Qb6+ 18. Kh1 Ng4 19. Rf1 Nf2+ 20. Rxf2 Qxf2 21. Bd6 Bg4 22. Qc1 Nc8 23. Ba3 Bh6 24. Qf1 Qxf1+ 25. Nxf1 Nb6 26. h3 Bxf3 27. Bxf3 Rad8 28. a5 Nc8 29. Nh2 dxe4 30. Bxe4 Nd6 31. Bg2 Nb5 32. Ng4 Bg7 33. Bb4 e4 34. Rd1 h5 35. Nf2 exd3 36. Nxd3 Re2 37. Rc1 Bh6 38. Bf3 Bxc1 39. Bxe2 Be3 40. Ne5 Kg7 41. Bd3 Kf6 42. Nc4 Bd4 43. Nd2 Kg7 44. Ne4 Rd5 45. c4 1/2-1/2